 Dungeon Crawl Stone Soup version 0.29.1-1-gd02db6906a (webtiles) character file.

Game seed: 10058936287517867284

490 101zpm the Magician (level 7, -5/47 HPs)
             Began as a Djinni Fire Elementalist on Oct 3, 2022.
             Slain by Duvessa
             ... wielding a +2 short sword of speed
              (13 damage)
             ... on level 5 of the Dungeon.
             The game lasted 00:10:07 (5486 turns).

101zpm the Magician (Djinni Fire Elementalist)      Turns: 5486, Time: 00:10:08

Health: -5/47      AC:  2    Str:  7    XL:     7   Next: 36%
Gold:   116        EV: 12    Int: 18    God:
                   SH:  0    Dex: 14

rFire   + + .      SeeInvis .   (no weapon)
rCold   x . .      Faith    .   (no shield)
rNeg    . . .      Spirit   .   a - +0 robe
rPois   ∞          Reflect  .   (no helmet)
rElec   .          Harm     .   (no cloak)
rCorr   .          Rampage  .   (no gloves)
Will    .....                   (boots unavailable)
Stlth   ++........              (no amulet)
HPRegen 0.15/turn               (no ring)
MPRegen 0.00/turn               (no ring)

@: flying
A: sickness immunity, fire resistance 2, cold vulnerability 1, float, innate
caster, HP casting, extra vitality 1
a: no special abilities


You were on level 5 of the Dungeon.
You visited 1 branch of the dungeon, and saw 5 of its levels.

You collected 116 gold pieces.

Inventory:

Armour
 a - a +0 robe (worn)
Jewellery
 i - a ring of willpower
Wands
 r - a wand of digging (3)
Scrolls
 b - a scroll of teleportation {unknown}
 c - a scroll of poison {unknown}
 g - 2 scrolls of identify
 j - a scroll of immolation {unknown}
 o - 2 scrolls of enchant weapon
 q - a scroll of brand weapon {unknown}
Potions
 d - 2 potions of ambrosia {unknown}
 e - a potion of magic {unknown}
 f - 5 potions of curing {unknown}
 h - 2 potions of lignification {unknown}
 k - a potion of flight {unknown}
 l - a potion of invisibility {unknown}
 m - a potion of resistance {unknown}
 n - a potion of degeneration {unknown}
 p - a potion of attraction {unknown}
 s - 2 potions of heal wounds {unknown}


   Skills:
 + Level 1.0 Fighting
 + Level 2.6 Dodging
 + Level 2.7 Stealth
 + Level 5.5 Spellcasting


You couldn't memorise any spells.
You knew the following spells:

 Your Spells              Type           Power      Damage    Failure   Level
a - Foxfire               Conj/Fire      100%       2x1d9     1%          1
b - Scorch                Fire           50%        2d8       1%          2
c - Conjure Flame         Conj/Fire      25%        6-21      3%          3
d - Inner Flame           Hex/Fire       25%        N/A       3%          3
e - Flame Wave            Conj/Fire      25%        2d8       13%         4
f - Necrotise             Necr           100%       1d9       1%          1
g - Blink                 Tloc           50%        N/A       1%          2
h - Dazzling Flash        Conj/Hex       50%        N/A       3%          3
Your spell library was empty.

Dungeon Overview and Level Annotations

Branches:
Dungeon (5/15)
 Temple: D:4-7

Altars:
Cheibriados
Dithmenos
Xom

Shops:
D:1 (   D:2 *   D:4 **=(

Annotations:
D:3 2 transporters
D:5 Duvessa


Innate Abilities, Weirdness & Mutations

You are immune to sickness and miasma.
You are immune to poison.
Your flesh is very heat resistant. (rF++)
You are vulnerable to cold. (rC-)
You float through the air rather than walking.
You learn spells naturally, not from books.
Your magical power is your life essence.
You have superior vitality. (+4 MHP)


Message History

You conjure some foxfire!
The foxfire hits Dowan.
Flame seeps out of Dowan.
Dowan is moderately wounded.
The foxfire hits Dowan.
Flame seeps out of Dowan.
Dowan is moderately wounded.
Casting: Foxfire (safe; 1% risk of failure)
Confirm with . or Enter, or press ? or * to list all spells.
You miscast Scorch.
You are very lightly contaminated with residual magic.
Nothing appears to happen.
Dowan is engulfed in blazing flames.
Flame seeps out of Dowan.
Casting: Scorch (safe; 2% risk of failure)
Confirm with . or Enter, or press ? or * to list all spells.
Flames lash Dowan.
You hear a distant scream of rage.
Dowan explodes!
The fiery explosion engulfs you! You resist.
You are engulfed in blazing flames.
You resist.
* * * LOW HITPOINT WARNING * * *
You start resting.
Duvessa, Sister of Dowan comes into view.
She is wielding a +2 short sword of speed.
Casting: Scorch (safe; 1% risk of failure)
Confirm with . or Enter, or press ? or * to list all spells.
Aiming: Inner Flame (dangerous; 3% risk of failure)
Press: ? - help, Dir - move target, f - Duvessa
Aim: Duvessa, wielding a +2 short sword of speed and wearing a +0 leather armour (chance to affect: 66%) Duvessa struggles to resist.
* * * LOW HITPOINT WARNING * * *
Duvessa goes berserk!
Your magical contamination has completely faded away.
Duvessa is engulfed in blazing flames.
Duvessa is engulfed in blazing flames.
Casting: Inner Flame (dangerous; 3% risk of failure)
Confirm with . or Enter, or press ? or * to list all spells.
Okay, then.
Duvessa rages.
As you read the scroll labelled LAMEFE MAMAULI, it crumbles to dust.
It is a scroll of identify.
o - 2 scrolls of enchant weapon Duvessa attacks as you move away!
Duvessa hits you with a +2 short sword of speed!
You die...

##........# #...# ##........
#........## ##...###.........
#..........###...###.........#
#.........................####
..........#....###.......## ##
........####..## ######..## #.
#......## #..# ##..###. ......
#.e# #..##.. ..... #.@#
##..#.~~ #..... #..# ##....~≈≈
.... ##.# ##.....~≈.
.....###.# ##....##~≈~
#.....#<# ##...#####~~
#......#####..### ##_
##......##...## ##
###........## ##..#...##


You could see Duvessa (berserk).

Vanquished Creatures
  A scorpion (D:5)
  Dowan (D:5)
  An orc priest (D:4)
  2 iguanas (D:4)
  Jessica (D:2)
  Ijyb (D:4)
  Natasha (thrice) (D:2)
  Terence (D:2)
  2 orc wizards
  2 adders
  3 dart slugs
  7 orcs
  4 ball pythons
  4 bats
  7 endoplasms
  4 giant cockroaches
  4 goblins
  8 hobgoblins
  5 kobolds
  5 quokkas
  5 frilled lizards
  4 rats
75 creatures vanquished.

Vanquished Creatures (others)
  282 foxfires
282 creatures vanquished.

Grand Total: 357 creatures vanquished

Notes
Turn   | Place    | Note
-------+----------+-------------------------------------------
     0 | D:1      | 101zpm the Djinni Fire Elementalist began the quest for the
                  | Orb.
     0 | D:1      | 101zpm set off with the following spells memorised:
                  | Foxfire, Scorch, Conjure Flame, Inner Flame, Flame Wave.
     0 | D:1      | Reached XP level 1. HP: 15/15 MP: 0/0
    55 | D:1      | Found Zyriseak's Weapon Boutique.
   506 | D:1      | Reached XP level 2. HP: 18/21 MP: 0/0
   897 | D:2      | Noticed Jessica
   902 | D:2      | Killed Jessica
   903 | D:2      | Reached skill level 3 in Spellcasting
   903 | D:2      | Reached XP level 3. HP: 15/25 MP: 0/0
   903 | D:2      | Learned a level 1 spell: Necrotise
  1058 | D:2      | Noticed Terence
  1070 | D:2      | Killed Terence
  1071 | D:2      | Reached XP level 4. HP: 6/31 MP: 0/0
  1351 | D:2      | Found a shimmering altar of Xom.
  1412 | D:2      | Noticed Natasha
  1418 | D:2      | Killed Natasha
  1419 | D:2      | Reached XP level 5. HP: 18/35 MP: 0/0
  1419 | D:2      | Learned a level 2 spell: Blink
  1567 | D:2      | Noticed Natasha
  1570 | D:2      | Killed Natasha
  1571 | D:2      | Reached skill level 4 in Spellcasting
  1580 | D:2      | Noticed Natasha
  1586 | D:2      | Killed Natasha
  1788 | D:2      | Found Fas Zuci's General Store.
  2411 | D:3      | Found a transporter.
  2616 | D:3      | Found a transporter.
  2937 | D:3      | Reached XP level 6. HP: 36/40 MP: 0/0
  3140 | D:3      | Found a shadowy altar of Dithmenos.
  3740 | D:1      | Found a faded altar of an unknown god.
  4407 | D:4      | Noticed Ijyb
  4415 | D:4      | Killed Ijyb
  4416 | D:4      | Reached skill level 1 in Fighting
  4684 | D:4      | Found Gaubol's Jewellery Boutique.
  4718 | D:4      | Found Osalef Fout's Assorted Antiques.
  4718 | D:4      | Found Voxej's Weapon Boutique.
  4718 | D:4      | Found Owiaddin's Assorted Antiques.
  4869 | D:4      | Reached skill level 5 in Spellcasting
  5036 | D:4      | Reached XP level 7. HP: 23/47 MP: 0/0
  5036 | D:4      | Learned a level 3 spell: Dazzling Flash
  5353 | D:5      | Entered Level 5 of the Dungeon
  5416 | D:5      | Found a snail-covered altar of Cheibriados.
  5466 | D:5      | Noticed Dowan
  5474 | D:5      | Killed Dowan
  5476 | D:5      | Noticed Duvessa
  5486 | D:5      | Slain by Duvessa

Illustrated notes

Levels and vault maps discovered:
D:1:      psy_arrival_statuary, layout_basic,
          dreamdust_ecumenical_altar_statues, serial_shops, shop_statue
D:2:      layout_basic, serial_shops, nicolae_shop_advertising_works
          [nicolae_subvault_shop_adworks], basic_altar, uniq_terence,
          uniq_natasha, uniq_jessica
D:3:      gammafunk_wand_slinger, layout_basic,
          nicolae_dithmenos_through_a_glass_darkly, minmay_cupped
D:4:      layout_loops_ring, minmay_shop_grid_forest, kennysheep_donut,
          corexii_item_surrounded_by_moat, uniq_ijyb
D:5:      dreamdust_elfheim, layout_layer_cave, kennysheep_slug_shrine,
          kennysheep_little_box, minmay_small_thing

Skill      XL: |  1  2  3  4  5  6 |
---------------+-------------------+-----
Spellcasting   | 3 4 5 |  5.5
Stealth        | 2 |  2.7
Fighting       | 1 |  1.0
Dodging        | |  2.6

Action                   |  1- 3 |  4- 6 |  7- 9 || total
-------------------------+-------+-------+-------++-------
 Cast: Foxfire           |    37 |   127 |     5 ||   169
       Scorch            |     7 |    21 |     1 ||    29
       Necrotise         |     1 |    10 |     2 ||    13
       Inner Flame       |       |     4 |     6 ||    10
  Use: Scroll            |       |       |     1 ||     1
Armor: Robe              |     1 |       |       ||     1
Dodge: Dodged            |     9 |       |     1 ||    10
